 Dungeon Sprint DCSS version 0.30.1-9-gdf580d7c3d (webtiles) character file.

Game seed: 9890052278895617295

170127 Heoruswealwe the Minotaur Porcupine (level 15, 0/174 HPs)
             Began as a Minotaur Fighter on Sept 27, 2023.
             Was an Initiate of Gozag.
             Succumbed to Jory's poison
             ... in the Dungeon (Sprint IX: "|||||||||||||||||||||||||||||").
             The game lasted 01:08:11 (7032 turns).

Heoruswealwe the Minotaur Porcupine (MiFi)          Turns: 7032, Time: 01:08:12

Health: 0/174      AC: 45    Str: 35    XL:     15   Next: 96%
Magic:  23/23      EV: 16    Int: 10    God:    Gozag
Gold:   49         SH:  0    Dex: 13    Spells: 14/14 levels left

rFire   + + .        b - +3 bardiche
rCold   + + .        (shield currently unavailable)
rNeg    . . .        c - +13 gold dragon scales "Ruvuyt" {rPois rF+ rC+ MP+9 Int+2 Dex+3}
rPois   +            g - +0 hat "Ynwidett" {rElec rPois Str+7 Int+3}
rElec   +            h - scarf {repulsion}
rCorr   .            f - +1 pair of gloves
SInv    .            e - +0 pair of boots
Will    +....        (no amulet) Stlth
                     k - ring of protection from cold
HPRegen 0.49/turn    j - ring of Sontishec {rElec rF+}
MPRegen 0.18/turn

%: no teleportation, repel missiles
@: lethally poisoned (0 -> -4), gold aura
A: horns 2, retaliatory headbutt
}: 4/17 runes: decaying, serpentine, barnacled, gossamer
a: Renounce Religion, Potion Petition, Call Merchant, Bribe Branch


You were in the Dungeon.
You worshipped Gozag.
Gozag was noncommittal.
You visited 1 branch You collected 26789 gold pieces.
You spent 17959 gold pieces at shops.
You paid 8781 gold pieces to Gozag.

Inventory:

Hand Weapons
 a - a +3 trident of freezing
 b - a +3 bardiche (weapon)
 i - the +6 Majin-Bo {spellvamp, MP+6 Int+6}
   (You bought it in a shop in the Dungeon)

   Int:       It affects your intelligence (+6).
   MP:        It affects your magic capacity (+6).
 m - the +3 giant club "Skullcrusher" {speed, Str+7}
   (You bought it in a shop in the Dungeon)

   Str:       It affects your strength (+7).
Armour
 c - the +13 gold dragon scales "Ruvuyt" (worn) {rPois rF+ rC+ MP+9 Int+2 Dex+3}
   (You found it in the Dungeon)

   Int:       It affects your intelligence (+2).
   Dex:       It affects your dexterity (+3).
   rF:        It protects you from fire.
   rC:        It protects you from cold.
   rPois:     It protects you from poison.
   MP:        It affects your magic capacity (+9).
 d - a +1 tower shield
 e - a +0 pair of boots (worn)
 f - a +1 pair of gloves (worn)
 g - the +0 hat "Ynwidett" (worn) {rElec rPois Str+7 Int+3}
   (You found it in the Dungeon)

   Str:       It affects your strength (+7).
   Int:       It affects your intelligence (+3).
   rElec:     It insulates you from electricity.
   rPois:     It protects you from poison.
 h - a scarf of repulsion (worn)
 n - the +9 scales of the Dragon King {rPois rF+ rC+ Will+}
   (You bought it in a shop in the Dungeon)

   rF:        It protects you from fire.
   rC:        It protects you from cold.
   rPois:     It protects you from poison.
   Will:      It increases your willpower.
 H - a +2 cloak of willpower
Jewellery
 j - the ring of Sontishec (right hand) {rElec rF+}
   (You acquired it in the Dungeon)

   [ring of protection from fire]

   rF:        It protects you from fire.
   rElec:     It insulates you from electricity.
 k - a ring of protection from cold (left hand)
Wands
 w - a wand of roots (17)
 x - a wand of charming (5)
 z - a wand of polymorph (1)
 A - a wand of flame (8)
 E - a wand of mindburst (11)
Scrolls
 p - 12 scrolls of identify
 q - 4 scrolls of enchant armour
 r - 3 scrolls of blinking
 s - a scroll of silence
Potions
 l - 3 potions of mutation
 o - 2 potions of cancellation
Miscellaneous
 y - a phial of floods
 B - a condenser vane
 C - a lightning rod (4/4)
 D - a piece from Xom's chessboard (15/15)
 G - a box of beasts


   Skills:
 O Level 27 Fighting
 O Level 27 Polearms
 O Level 27 Armour
 * Level 20.6 Dodging
 + Level 19.1 Shields
 + Level 14.8 Evocations


You had 14 spell levels left.
You didn't know any spells.
Your spell library was empty.

Dungeon Overview and Level Annotations

Branches:
Dungeon (1/1)

Altars:
Cheibriados
Dithmenos
Elyvilon
Fedhas
Gozag
Hepliaklqana
Kikubaaqudgha
Makhleb
Nemelex Xobeh
Okawaru
Qazlal
Ru
Sif Muna
Trog
Uskayaw
Vehumet
Wu Jian
Xom
Yredelemnul
Zin
The Shining One
Jiyva
Lugonu

Shops:
D *[[:***((*(*


Innate Abilities, Weirdness & Mutations

You have a pair of horns on your head.
You reflexively headbutt those who attack you in melee.


Message History

You slice Jory!! You headbutt Jory!!
Jory is almost destroyed.
You feel very sick. Jory completely misses you. You furiously retaliate!
You headbutt Jory. Jory misses you.
You hit Jory but do no damage. Your headbutt misses Jory.
Jory is almost destroyed.
You feel very sick.
You slash Jory!
Jory is almost destroyed.
You feel sick.
Jory points at you and mumbles some strange words.
The crystal spear is repelled.
You hit Jory but do no damage. Your headbutt misses Jory.
Jory is almost destroyed.
You feel sick. Jory draws life force from you!!
* * * LOW HITPOINT WARNING * * *
Jory is healed by the life force!
You hit Jory but do no damage.
Jory is almost destroyed.
You feel sick. Jory hits you but does no damage. Jory misses you.
You closely miss Jory.
Jory is almost destroyed.
You feel sick.
You slash Jory!
Jory is almost destroyed.
You feel sick.
Jory points at you and mumbles some strange words.
The crystal spear hits you!!
* * * LOW HITPOINT WARNING * * *
You slice Jory!!
You are no longer entranced.
You destroy Jory!
Jory screams, "No, no!" before exploding into a cloud of blood!
* * * LOW HITPOINT WARNING * * *
You feel sick.
Your Shields skill increases to level 19!
Okay, then.
You die...
Your body crumbles into a pile of gold.

.▓.▓.▓.▓)▓?▓.▓)▓.▓$*,*,*,*,*,*,*,
.▓.▓.▓)▓)▓?▓.▓)▓.▓,*,*,*,*,*,*+*,
.▓.▓.▓)▓.▓.▓.▓)▓.▓,*,*,*,*,*,*,*,
.▓)▓.▓.▓.▓.▓.▓.▓$▓,*,*,*,*,*,*,*,
.▓)▓.▓[▓.▓.▓.▓.▓.▓$*,*,*,*,*,*,*,
.▓)▓.▓)▓.▓.▓.▓)▓.▓,*,*,*,*,*,*,*,
.▓)▓.▓)▓.▓.▓.▓.▓.▓,*,*,*,*,*,*,*,
.▓.▓.▓)▓.▓!▓.▓.▓.▓,*,*,*,*,*,*,*,
.▓.▓.▓)▓.▓.▓.▓.▓@▓,*,*,*,*+*,*,*,
.▓.▓.▓)▓.▓.▓.▓.▓.▓,*,*,*,*,*,*,*,
.▓.▓.▓)▓.▓.▓.▓.▓.▓,*,*,*,*,*,*,*,
.▓.▓.▓.▓.▓.▓.▓.▓.▓,*,*,*,*,*,*,*,
.▓.▓.▓.▓.▓.▓.▓.▓.▓,*,*,*,*,*,*,*,
.▓.▓.▓)▓.▓.▓.▓)▓.▓$*,*,*,*,*,*,*,
.▓.▓.▓)▓.▓.▓.▓)▓.▓$*,*,*,*,*,*,*,
.▓.▓.▓)▓.▓[▓.▓)▓.▓+*,*,*,*,*,*,*,
.▓'▓)▓.▓.▓.▓.▓'▓,*,*,*,*,*,*,*+*,


There were no monsters in sight!

Vanquished Creatures
  Mara (D)
  Mennas (D)
  Sojobo (D)
  Saint Roka (D)
  Xtahua (D)
  Jory (D)
  A walking divine tome (D)
  A sphinx (D)
  2 tengu reavers (D)
  A fenstrider witch (D)
  A fire giant (D)
  Ilsuiw (D)
  3 nagarajas (D)
  A frost giant (D)
  5 emperor scorpions (D)
  Aizul (D)
  3 ironbound preservers (D)
  3 stone giants (D)
  Nessos (D)
  2 very ugly things (D)
  An ironbound thunderhulk (D)
  A dire elephant (D)
  An eleionoma (D)
  A spark wasp (D)
  3 merfolk impalers (D)
  A fire dragon (D)
  3 merfolk javelineers (D)
  A yaktaur captain (D)
  2 great orbs of eyes (D)
  An ice dragon (shapeshifter) (D)
  An ettin (D)
  A jorogumo (D)
  3 ice dragons (D)
  10 hydras (D)
  A merfolk avatar (D)
  2 ogre magi (D)
  A boulder beetle (D)
  An anaconda (D)
  3 merfolk aquamancers (D)
  A ghost crab (D)
  2 ironbound frosthearts (D)
  A radroach (D)
  6 two-headed ogres (D)
  A deep troll shaman (D)
  A vampire mage (D)
  A spriggan berserker (D)
  A shock serpent (D)
  2 deep troll earth magi (D)
  An orc high priest (D)
  A naga sharpshooter (D)
  A skyshark (D)
  A sun moth (D)
  A spriggan druid (D)
  An orb spider (D)
  2 sea snakes (D)
  A glowing orange brain (D)
  3 ironbound convokers (D)
  A bog body (D)
  A naga ritualist (D)
  3 wizards (D)
  4 swamp dragons (D)
  3 orc knights (D)
  2 necromancers (D)
  2 wolf spiders (D)
  A harpy (D)
  2 will-o-the-wisps (D)
  2 manticores (D)
  An orc sorcerer (D)
  An ugly thing (D)
  3 cyclopes (D)
  A merfolk siren (D)
  4 moths of wrath (D)
  3 black mambas (D)
  4 guardian serpents (D)
  5 naga magi (D)
  3 demonic crawlers (D)
  Maurice (D)
  3 vault sentinels (D)
  A torpor snail (D)
  4 cane toads (D)
  A rime drake (D)
  A freezing wraith (D)
  Psyche (D)
  A kobold demonologist (D)
  8 komodo dragons (D)
  An efreet (D)
  5 merfolk (D)
  A tengu conjurer (D)
  3 polar bears (D)
  A wind drake (D)
  2 jumping spiders (D)
  2 slime creatures (D)
  A shadow (D)
  A yak (D)
  A basilisk (D)
  2 redbacks (D)
  2 vampire mosquitoes (D)
  2 nagas (D)
  An acid dragon (D)
  A water moccasin (D)
  2 swamp drakes (D)
  5 black bears (D)
  8 ogres (D)
  14 orc warriors (D)
  A centaur (D)
  A wolf (D)
  A bullfrog (D)
  A howler monkey (D)
  3 orc priests (D)
  An iguana (D)
  4 orc wizards (D)
  2 adders (D)
  5 orcs (D)
  An endoplasm (D)
  A goblin (D)
  A ball python (D)
  A bat (D)
  A rat (D)
244 creatures vanquished.

Vanquished Creatures (others)
  A merfolk aquamancer (D)
  A centaur warrior (D)
  A naga (D)
  10 foxfires (D)
13 creatures vanquished.

Grand Total: 257 creatures vanquished

Notes
Turn   | Place    | Note
-------+----------+-------------------------------------------
     0 | D        | Heoruswealwe the Minotaur Fighter began the quest for the
                  | Orb.
     0 | D        | Reached XP level 1. HP: 19/19 MP: 0/0
    23 | D        | Noticed an iguana
    23 | D        | Noticed a howler monkey
    32 | D        | Killed a howler monkey
    33 | D        | Reached skill level 5 in Fighting
    33 | D        | Reached skill level 5 in Armour
    33 | D        | Reached XP level 2. HP: 15/29 MP: 1/1
    33 | D        | Reached XP level 3. HP: 18/36 MP: 2/2
    50 | D        | Reached XP level 4. HP: 18/45 MP: 3/3
    56 | D        | Found a snail-covered altar of Cheibriados.
    56 | D        | Found a shadowy altar of Dithmenos.
    56 | D        | Found a white marble altar of Elyvilon.
    56 | D        | Found a blossoming altar of Fedhas.
    56 | D        | Found an opulent altar of Gozag.
    57 | D        | Found a hazy altar of Hepliaklqana.
    58 | D        | Found a viscous altar of Jiyva.
    59 | D        | Found an ancient bone altar of Kikubaaqudgha.
    60 | D        | Found a corrupted altar of Lugonu.
    61 | D        | Found a burning altar of Makhleb.
    62 | D        | Found a sparkling altar of Nemelex Xobeh.
    63 | D        | Found an iron altar of Okawaru.
    64 | D        | Became a worshipper of Gozag Ym Sagoz the Greedy
    65 | D        | Found a stormy altar of Qazlal.
    66 | D        | Found a sacrificial altar of Ru.
    67 | D        | Found a shimmering blue altar of Sif Muna.
    68 | D        | Found a bloodstained altar of Trog.
    69 | D        | Found a hide-covered altar of Uskayaw.
    70 | D        | Found a radiant altar of Vehumet.
    71 | D        | Found an ornate altar of the Wu Jian Council.
    72 | D        | Found a shimmering altar of Xom.
    73 | D        | Found a basalt altar of Yredelemnul.
    74 | D        | Found a glowing silver altar of Zin.
    75 | D        | Found a glowing golden altar of the Shining One.
   148 | D        | Noticed a kobold demonologist
   148 | D        | Noticed a yak
   148 | D        | Noticed a shadow
   148 | D        | Noticed a two-headed ogre
   148 | D        | Noticed a vampire mosquito
   148 | D        | Noticed a komodo dragon
   158 | D        | Killed a komodo dragon
   159 | D        | Reached XP level 5. HP: 34/56 MP: 4/4
   159 | D        | Reached XP level 6. HP: 37/62 MP: 5/5
   164 | D        | Noticed a neqoxec
   164 | D        | Killed a vampire mosquito
   171 | D        | Killed a two-headed ogre
   172 | D        | Reached XP level 7. HP: 11/74 MP: 6/6
   172 | D        | Reached XP level 8. HP: 12/82 MP: 7/7
   176 | D        | Reached skill level 15 in Polearms
   179 | D        | Noticed a smoke demon
   187 | D        | Noticed a red devil
   191 | D        | Noticed a soul eater
   209 | D        | Killed a kobold demonologist
   395 | D        | Noticed a two-headed ogre
   395 | D        | Noticed a cyclops
   395 | D        | Noticed a cyclops
   395 | D        | Noticed a slime creature
   408 | D        | Killed a slime creature
   413 | D        | Killed a cyclops
   414 | D        | Reached XP level 9. HP: 52/92 MP: 8/8
   421 | D        | Killed a cyclops
   424 | D        | Killed a two-headed ogre
   670 | D        | Noticed a cane toad
   670 | D        | Noticed a komodo dragon
   670 | D        | Noticed a komodo dragon
   670 | D        | Noticed a cane toad
   672 | D        | Killed a cane toad
   672 | D        | Noticed a skyshark
   675 | D        | Noticed a cane toad
   678 | D        | Killed a komodo dragon
   680 | D        | Noticed a komodo dragon
   684 | D        | Killed a komodo dragon
   685 | D        | Reached XP level 10. HP: 53/104 MP: 9/9
   687 | D        | Killed a cane toad
   700 | D        | Killed a skyshark
   701 | D        | Reached skill level 15 in Fighting
   701 | D        | Reached skill level 15 in Armour
   708 | D        | Killed a cane toad
   873 | D        | Noticed an eight-headed hydra
   884 | D        | Noticed a cane toad
   894 | D        | Killed a 12-headed hydra
   902 | D        | Killed a cane toad
   905 | D        | Reached XP level 11. HP: 114/114 MP: 10/10
  1151 | D        | Noticed an orc knight
  1151 | D        | Noticed an orc sorcerer
  1152 | D        | Noticed an orc high priest
  1162 | D        | Killed an orc sorcerer
  1171 | D        | Killed an orc knight
  1188 | D        | Killed an orc high priest
  1374 | D        | Noticed an orc knight
  1374 | D        | Noticed an orc knight
  1385 | D        | Killed an orc knight
  1392 | D        | Killed an orc knight
  1771 | D        | Found Dewaniuz's General Store.
  1771 | D        | Noticed a two-headed ogre
  1771 | D        | Noticed an ogre mage
  1771 | D        | Noticed an ogre mage
  1778 | D        | Killed an ogre mage
  1780 | D        | Found Toco Zil's Assorted Antiques.
  1785 | D        | Killed an ogre mage
  1789 | D        | Killed a two-headed ogre
  1792 | D        | Found Putron's Book Boutique.
  1796 | D        | Noticed a two-headed ogre
  1801 | D        | Found Uteqo's Armour Shop.
  1803 | D        | Noticed a two-headed ogre
  1810 | D        | Killed a two-headed ogre
  1813 | D        | Noticed a two-headed ogre
  1816 | D        | Reached XP level 12. HP: 43/128 MP: 11/11
  1819 | D        | Killed a two-headed ogre
  1823 | D        | Killed a two-headed ogre
  1897 | D        | Bought a potion of brilliance for 56 gold pieces
  1897 | D        | Bought the +3 giant club "Skullcrusher" {speed, Str+7} for
                  | 585 gold pieces
  1897 | D        | Found the +3 giant club "Skullcrusher" {speed, Str+7}
  1897 | D        | Bought a scroll of magic mapping for 105 gold pieces
  1897 | D        | Bought a scroll of silence for 133 gold pieces
  1897 | D        | Bought a scroll of torment for 133 gold pieces
  1899 | D        | Bought a potion of heal wounds for 140 gold pieces
  1899 | D        | Bought a wand of roots (4) for 268 gold pieces
  1899 | D        | Bought a potion of curing for 84 gold pieces
  1899 | D        | Bought a scroll of identify for 56 gold pieces
  1899 | D        | Bought 3 potions of heal wounds for 420 gold pieces
  1903 | D        | Bought the +9 scales of the Dragon King {rPois rF+ rC+
                  | Will+} for 1622 gold pieces
  1903 | D        | Found the +9 scales of the Dragon King {rPois rF+ rC+
                  | Will+}
  1944 | D        | Bought a runed cloak for 210 gold pieces
  1944 | D        | Bought a crude crystal plate armour for 2380 gold pieces
  1944 | D        | Identified the +0 crystal plate armour of Fafion {rElec
                  | rPois rC- Int+3} (You bought it in a shop in the Dungeon)
  1944 | D        | Bought aquamarine-encrusted acid dragon scales for 1260
                  | gold pieces
  1944 | D        | Identified the +0 acid dragon scales of Hav Ock {rPois
                  | Will++ rCorr Str-5 SInv} (You bought it in a shop in the
                  | Dungeon)
  1974 | D        | Bought a potion of degeneration for 15 gold pieces
  1974 | D        | Bought a scroll of identify for 30 gold pieces
  1974 | D        | Bought a scroll of silence for 142 gold pieces
  1974 | D        | Bought a potion of heal wounds for 75 gold pieces
  2113 | D        | Noticed Maurice
  2121 | D        | Killed Maurice
  2152 | D        | Noticed Psyche
  2156 | D        | Killed Psyche
  2263 | D        | Got the +13 gold dragon scales "Ruvuyt" {rPois rF+ rC+ MP+9
                  | Int+2 Dex+3}
  2438 | D        | Noticed a centaur warrior
  2442 | D        | Killed a centaur warrior
  2447 | D        | Noticed a stone giant
  2460 | D        | Noticed an ice dragon
  2461 | D        | Noticed an ice dragon
  2470 | D        | Killed a stone giant
  2479 | D        | a steelbarb worm changed into a bunyip
  2479 | D        | Noticed a bunyip (glowing shapeshifter)
  2486 | D        | a bunyip changed into a spark wasp
  2486 | D        | Noticed a spark wasp (glowing shapeshifter)
  2486 | D        | Noticed a stone giant
  2488 | D        | Noticed a spark wasp
  2493 | D        | a spark wasp changed into an ice dragon
  2493 | D        | Noticed an ice dragon (glowing shapeshifter)
  2494 | D        | Killed an ice dragon
  2499 | D        | Killed an ice dragon
  2500 | D        | Noticed an ettin
  2509 | D        | Killed an ice dragon
  2514 | D        | Killed a stone giant
  2519 | D        | Killed a spark wasp
  2520 | D        | Reached skill level 27 in Polearms
  2529 | D        | Killed an ettin
  2687 | D        | Bought a scroll of acquirement for 780 gold pieces
  2826 | D        | Acquired the ring of Sontishec {rElec rF+}
  2843 | D        | Noticed Nessos
  2854 | D        | Killed Nessos
  2988 | D        | Noticed a ghost crab
  2988 | D        | Noticed a fenstrider witch
  2988 | D        | Noticed an eight-headed hydra
  2988 | D        | Noticed a five-headed hydra
  2992 | D        | Killed a seven-headed hydra
  3001 | D        | Killed a 13-headed hydra
  3009 | D        | Killed a fenstrider witch
  3010 | D        | Reached XP level 13. HP: 143/143 MP: 12/12
  3608 | D        | Noticed a merfolk impaler
  3633 | D        | Reached skill level 1 in Dodging
  3638 | D        | Reached skill level 1 in Evocations
  3658 | D        | Killed a merfolk impaler
  3659 | D        | Reached skill level 5 in Shields
  3918 | D        | Bought a phial of floods for 1600 gold pieces
  3918 | D        | Bought a wand of roots (3) for 288 gold pieces
  3918 | D        | Bought a forked brass wand for 160 gold pieces
  3918 | D        | Bought a jewelled silver wand for 160 gold pieces
  3918 | D        | Bought a condenser vane for 1600 gold pieces
  3958 | D        | Noticed Saint Roka
  3984 | D        | Killed Saint Roka
  4275 | D        | Noticed a frost giant
  4275 | D        | Noticed a stone giant
  4275 | D        | Noticed a fire dragon
  4275 | D        | Noticed a cyan very ugly thing
  4283 | D        | Killed a cyan very ugly thing
  4284 | D        | Reached skill level 5 in Dodging
  4284 | D        | Noticed a fire giant
  4291 | D        | Killed a fire dragon
  4299 | D        | Killed a stone giant
  4300 | D        | Reached XP level 14. HP: 86/160 MP: 13/13
  4300 | D        | Noticed a walking divine tome
  4307 | D        | Reached skill level 5 in Evocations
  4307 | D        | Noticed a brown very ugly thing
  4315 | D        | Killed a frost giant
  4327 | D        | Killed a fire giant
  4333 | D        | Noticed a sphinx
  4351 | D        | Killed a walking divine tome
  4362 | D        | Killed a brown very ugly thing
  4384 | D        | Killed a sphinx
  4385 | D        | Reached skill level 10 in Shields
  4661 | D        | Noticed an ironbound thunderhulk
  4678 | D        | Noticed an ironbound preserver
  4680 | D        | Killed an ironbound thunderhulk
  4699 | D        | Killed an ironbound preserver
  4703 | D        | Reached skill level 10 in Dodging
  4703 | D        | Noticed an ironbound preserver
  4720 | D        | Noticed an ironbound preserver
  4754 | D        | Killed an ironbound preserver
  4757 | D        | Killed an ironbound preserver
  5003 | D        | Bought the +6 Majin-Bo {spellvamp, MP+6 Int+6} for 1734
                  | gold pieces
  5003 | D        | Found the +6 Majin-Bo {spellvamp, MP+6 Int+6}
  5030 | D        | Noticed Sojobo
  5031 | D        | Noticed a tengu reaver
  5032 | D        | Noticed a tengu reaver
  5079 | D        | Paralysed by an air elemental for 1 turns
  5089 | D        | Killed Sojobo
  5100 | D        | Killed a tengu reaver
  5101 | D        | Reached skill level 10 in Evocations
  5106 | D        | Killed a tengu reaver
  5447 | D        | Got the +0 hat "Ynwidett" {rElec rPois Str+7 Int+3}
  5530 | D        | Noticed Mara
  5533 | D        | Noticed Heoruswealwe's illusion
  5562 | D        | Killed Mara
  5563 | D        | Reached XP level 15. HP: 147/173 MP: 14/14
  5632 | D        | Noticed Xtahua
  5635 | D        | Paralysed by Xtahua for 3 turns
  5643 | D        | Killed Xtahua
  5688 | D        | Noticed an emperor scorpion
  5700 | D        | Noticed an emperor scorpion
  5703 | D        | Reached skill level 27 in Fighting
  5703 | D        | Reached skill level 27 in Armour
  5703 | D        | Noticed an emperor scorpion
  5713 | D        | Killed an emperor scorpion
  5715 | D        | Noticed an emperor scorpion
  5727 | D        | Killed an emperor scorpion
  5728 | D        | Reached skill level 15 in Shields
  5729 | D        | Noticed an emperor scorpion
  5737 | D        | Killed an emperor scorpion
  5743 | D        | Killed an emperor scorpion
  5757 | D        | Killed an emperor scorpion
  5775 | D        | Got a gossamer rune of Zot
  5970 | D        | Reached skill level 15 in Dodging
  6018 | D        | Got a decaying rune of Zot
  6080 | D        | Noticed a nagaraja
  6080 | D        | Noticed a nagaraja
  6081 | D        | Noticed a nagaraja
  6082 | D        | Killed a nagaraja
  6097 | D        | Killed a nagaraja
  6104 | D        | Killed a nagaraja
  6139 | D        | Got a serpentine rune of Zot
  6351 | D        | Noticed Ilsuiw
  6383 | D        | Killed Ilsuiw
  6432 | D        | Got a barnacled rune of Zot
  6667 | D        | Bought a wand of charming (5) for 156 gold pieces
  6667 | D        | Bought a lightning rod (4/4) for 390 gold pieces
  6667 | D        | Bought a scroll of identify for 26 gold pieces
  6667 | D        | Bought a scroll of blinking for 97 gold pieces
  6667 | D        | Bought a piece from Xom's chessboard (15/15) for 260 gold
                  | pieces
  6676 | D        | Bought an encrusted silver wand for 120 gold pieces
  6676 | D        | Bought a scroll of identify for 60 gold pieces
  6676 | D        | Bought a brightly glowing plate armour for 840 gold pieces
  6676 | D        | Identified the +11 plate armour "Arithryl" {rC+ Will+
                  | Dex-4} (You bought it in a shop in the Dungeon)
  6676 | D        | Bought a box of beasts for 1200 gold pieces
  6676 | D        | Bought a wand of mindburst (7) for 294 gold pieces
  6676 | D        | Bought a runed scarf for 240 gold pieces
  6676 | D        | Bought a potion of cancellation for 240 gold pieces
  6699 | D        | Noticed Mennas
  6733 | D        | Noticed Aizul
  6755 | D        | Killed Mennas
  6757 | D        | HP: 5/174 [Aizul (25)]
  6764 | D        | Killed Aizul
  7014 | D        | Noticed Jory
  7030 | D        | HP: 2/174 [Jory/crystal spear (28)]
  7031 | D        | Killed Jory
  7032 | D        | Succumbed to Jory's poison

Illustrated notes

Levels and vault maps discovered:
D:        linesprint [early_d, line_temple, items_1, d_10, items_2, lair_1,
          lair_end, items_3, orc_1, orc_end, items_4, d_15, swamp_1, shoals_1,
          snake_1, spider_1, d_20, vaults_1, items_5, swamp_end, shoals_end,
          snake_end, spider_end, vaults_end, d_27, items_6, zot_1, zot_end,
          crypt_end, forest_end, elf_end, slime_end, tomb_end, abyss_end,
          pan_hell_end]

Skill      XL: |  1  2  3  4  5  6  7  8  9 10 11 12 13 14 15 |
---------------+----------------------------------------------+-----
Polearms       | 6 7 11 14 17 19 21 24 27 | 27.0
Fighting       | 5 6 8 11 12 14 16 18 21 24 26 27 | 27.0
Armour         | 5 6 8 11 12 14 16 18 21 24 26 27 | 27.0
Dodging        | 5 12 20 | 20.6
Shields        | 7 14 19 | 19.1
Evocations     | 4 10 14 | 14.8

Action                     |  1- 3 |  4- 6 |  7- 9 | 10-12 | 13-15 || total
---------------------------+-------+-------+-------+-------+-------++-------
  Melee: Trident           |    37 |       |       |       |       ||    37
         Headbutt          |     3 |     6 |    15 |    87 |   188 ||   299
         Halberd           |       |    20 |    74 |   341 |   480 ||   915
         Bardiche          |       |       |       |       |   282 ||   282
 Invoke: Call Merchant     |       |       |       |     2 |     6 ||     8
    Use: Potion            |     1 |     3 |     5 |     6 |    18 ||    33
         Scroll            |       |       |       |     6 |     2 ||     8
   Stab: Distracted        |       |       |       |     1 |     6 ||     7
 Armour: Scale mail        |    10 |       |       |       |       ||    10
         Chain mail        |       |     7 |    21 |    74 |       ||   102
         Plate armour      |       |       |       |    18 |       ||    18
         Gold dragon scale |       |       |       |   112 |   599 ||   711
  Dodge: Dodged            |    16 |    11 |    16 |    84 |   317 ||   444
         Repelled          |       |       |       |       |     2 ||     2
  Block: Buckler           |     6 |       |       |       |       ||     6
